 Dungeon Crawl Stone Soup version 0.25-a0-700-g7f8a7979f0 (webtiles) character file.

Game seed: 141305404858158766, levelgen mode: deterministic

5106 kae the Grappler (level 10, -1/71 HPs)
             Began as a Black Draconian Transmuter on Apr 2, 2020.
             Was a Believer of Makhleb.
             Succumbed to a killer bee's poison
             ... on level 9 of the Dungeon.
             The game lasted 00:09:43 (9510 turns).

kae the Grappler (Black Draconian Transmuter)       Turns: 9510, Time: 00:09:44

Health: -1/71      AC:  2    Str: 13    XL:     10   Next: 32%
Magic:  21/21      EV: 19    Int: 16    God:    Makhleb [**....]
Gold:   361        SH:  0    Dex: 17    Spells: 8/23 levels left

rFire    . . .     SeeInvis .     - Unarmed
rCold    . . .     Gourm    .   (shield currently unavailable)
rNeg     . . .     Faith    .   (armour unavailable)
rPois    x         Spirit   .   (helmet currently unavailable)
rElec    .         Reflect  .   (cloak currently unavailable)
rCorr    .         Harm     .   (gloves currently unavailable)
MR       .....     Clarity  +   (boots currently unavailable)
Stlth    ++........             y - amulet of magic regeneration
HPRegen  0.21/turn              (no ring)
MPRegen  0.42/turn              (no ring)

@: lethally poisoned (-1 -> -15), spider-form (expiring), berserk cooldown, very
slightly contaminated, invisible
A: tiny, (breathe lightning), unfitting armour, clarity, AC +7
a: End Transformation, Minor Destruction, Renounce Religion


You were on level 9 of the Dungeon.
You worshipped Makhleb.
Makhleb was pleased with you.
You were hungry.
You were a venomous arachnid creature.
You visited 1 branch of the dungeon, and saw 9 of its levels.
You also visited: Bailey.

You collected 361 gold pieces.

Inventory:

Missiles
 a - 132 arrows
Armour
 i - a +2 pair of boots (melded)
 t - a scarf of spirit shield (melded)
Jewellery
 y - an amulet of magic regeneration (around neck)
 A - an uncursed ring of fire
Wands
 q - a wand of disintegration (12)
 r - a wand of random effects (27)
 s - a wand of acid (1)
 D - a wand of paralysis (11)
Scrolls
 e - 4 scrolls of remove curse
 f - 3 scrolls of amnesia
 l - 3 scrolls of magic mapping
 m - a scroll of acquirement
 n - 2 scrolls of fog
 v - a scroll of identify
Potions
 b - a potion of flight
 g - a potion of curing
 h - 2 potions of brilliance
 k - 3 potions of might
 o - a potion of degeneration
Comestibles
 c - 14 rations


   Skills:
 - Level 1.1 Fighting
 - Level 1.7 Dodging
 * Level 11.2 Unarmed Combat
 + Level 7.3 Spellcasting
 + Level 7.9 Transmutations


You had 8 spell levels left.
You knew the following spells:

 Your Spells              Type           Power        Failure   Level  Hunger
a - Beastly Appendage     Tmut           ####..       3%          1    None
b - Sticks to Snakes      Tmut           ####....     4%          2    None
c - Spider Form           Tmut/Pois      ###.......   19%         3    ##.....
d - Ice Form              Ice/Tmut       ###.....     45%         4    ####...
e - Blade Hands           Tmut           ####......   30%         5    #####..

Your spell library contained the following spells:

 Spells                   Type           Power        Failure   Level  Hunger
 Freeze                   Ice            #...         28%         1    None
 Frozen Ramparts          Ice            #.....       56%         3    ##.....
 Ozocubu's Armour         Chrm/Ice       #.......     56%         3    ##.....
 Hailstorm                Conj/Ice       #.......     89%         4    ####...
 Summon Ice Beast         Ice/Summ       #.......     89%         4    ####...


Dungeon Overview and Level Annotations

Branches:
Dungeon (10/15)            Temple (0/1) D:7             Orc (0/2) D:9
 Bailey (visited)
   Lair: D:8-11

Altars:
Ashenzari
Cheibriados
Gozag
Hepliaklqana
Kikubaaqudgha
Makhleb
Nemelex Xobeh
Ru
Sif Muna
Trog
Wu Jian
Xom
Zin

Annotations:
D:9 1 transporter, zkyp's ghost, novice DsAM


Innate Abilities, Weirdness & Mutations

((You can breathe wild blasts of lightning.))
((Your glossy black scales are hard. (AC +7)))
You cannot fit into any form of body armour.
((You are resistant to electric shocks. (rElec)))
((You are cold-blooded and may be slowed by cold attacks.))
((You have a pair of small antennae on your head.))
You possess an exceptional clarity of mind.


Message History

The killer bee barely misses you. The killer bee closely misses you.
The killer bee misses you. The killer bee barely misses you.
The killer bee completely misses you. The killer bee closely misses you. x2
The killer bee misses you. The killer bee misses you.
The killer bee closely misses you. The killer bee completely misses you.
The killer bee barely misses you.
The killer bee seems to regain its courage.
The killer bee misses you. The killer bee completely misses you.
The killer bee barely misses you. The killer bee closely misses you.
The killer bee barely misses you. The killer bee closely misses you.
The killer bee completely misses you. The killer bee misses you.
Your transformation is almost over.
The killer bee completely misses you. The killer bee misses you.
The killer bee stings you!
* * * LOW HITPOINT WARNING * * *
You are lethally poisoned!
The killer bee poisons you! The killer bee completely misses you.
You feel yourself speed up.
You die...

#..## ##.### #.....
...# ####....## #.....
..## ##........# ###...
.># ###.........# #..#
..# ##...........# #.##
.<# ####......).....#
##.#
..####..y.##yyyy)....#
##..##
.###.....†.##yyy....##
##..... #*
#...###.##.y.s...#
##..#... * ##..*
#y######..## ##..##(..
#.,* #yy# #..##
#..####..
##***##y#**#..# #<.#
*.. *,,,,yy,##.## #..#
*## *,,,,..%#..# #..#
*,,,,%..#..# #..#
*,,,,y..#..### ##[.#
*,,,,%..#....#####...##


You could see 8 killer bees.

Vanquished Creatures
  An orc high priest (Bailey)
  An orc knight (Bailey)
  A kobold demonologist (Bailey)
  A queen bee (D:9)
  11 orc warriors
  2 sky beasts
  3 ogres
  3 centaurs
  2 bullfrogs
  3 scorpions
  10 killer bees (D:9)
  2 electric eels (Bailey)
  2 vampire bats (D:6)
  2 crimson imps
  A jelly (D:5)
  A centaur zombie (D:6)
  2 hounds
  6 orc priests
  6 orc wizards
  2 iguanas
  3 worker ants
  Natasha (thrice) (D:3)
  A hound zombie (D:7)
  A mummy (D:9)
  10 adders
  4 gnolls (Bailey)
  2 worms (D:2)
  4 dart slugs
  3 leopard geckos
  36 orcs
  A ball python (D:3)
  2 bat skeletons (D:6)
  4 bat zombies (D:6)
  3 giant cockroaches
  11 goblins
  12 hobgoblins
  10 jackals
  3 quokkas
  3 bats
  3 frilled lizards
  A giant cockroach zombie (D:6)
  8 kobolds
  4 rats
  A butterfly (D:3)
195 creatures vanquished.

Vanquished Creatures (others)
  A goblin (Bailey)
1 creature vanquished.

Grand Total: 196 creatures vanquished

Notes
Turn   | Place    | Note
-------+----------+-------------------------------------------
     0 | D:1      | kae the Draconian Transmuter began the quest for the Orb.
     0 | D:1      | Reached XP level 1. HP: 16/16 MP: 3/3
   169 | D:1      | Reached XP level 2. HP: 22/23 MP: 3/5
   173 | D:1      | Learned a level 2 spell: Sticks to Snakes
  1597 | D:2      | Reached XP level 3. HP: 28/28 MP: 3/6
  1629 | D:2      | Learned a level 3 spell: Spider Form
  2078 | D:2      | Found a sacrificial altar of Ru.
  2336 | D:3      | Reached skill level 4 in Unarmed Combat
  2379 | D:3      | Reached XP level 4. HP: 29/35 MP: 2/7
  2429 | D:3      | Found an opulent altar of Gozag.
  2437 | D:3      | Found a sparkling altar of Nemelex Xobeh.
  2554 | D:3      | Noticed Natasha
  2562 | D:3      | Killed Natasha
  2582 | D:3      | Noticed Natasha
  2588 | D:3      | Killed Natasha
  2588 | D:3      | Reached XP level 5. HP: 29/40 MP: 5/9
  2709 | D:3      | Noticed Natasha
  2717 | D:3      | Killed Natasha
  2837 | D:3      | Found a shimmering altar of Xom.
  3032 | D:3      | Reached skill level 5 in Unarmed Combat
  3368 | D:4      | Found a hazy altar of Hepliaklqana.
  3392 | D:4      | Reached XP level 6. HP: 41/47 MP: 6/11
  4612 | D:4      | Reached skill level 6 in Unarmed Combat
  4612 | D:4      | Your scales start taking on a glossy black colour.
  4612 | D:4      | Reached XP level 7. HP: 52/52 MP: 9/12
  4612 | D:4      | Gained mutation: You are resistant to electric shocks.
                  | (rElec) [Black Draconian growth]
  5041 | D:5      | Entered Level 5 of the Dungeon
  5127 | D:5      | Found a shimmering blue altar of Sif Muna.
  5501 | D:5      | Found an ornate altar of the Wu Jian Council.
  5606 | D:5      | Reached skill level 7 in Unarmed Combat
  6383 | D:6      | Reached skill level 5 in Transmutations
  6383 | D:6      | Reached XP level 8. HP: 59/59 MP: 10/15
  6720 | D:6      | Found an ancient bone altar of Kikubaaqudgha.
  6734 | D:6      | Reached skill level 5 in Spellcasting
  6805 | D:6      | Reached skill level 8 in Unarmed Combat
  6836 | D:6      | Found a glowing silver altar of Zin.
  6873 | D:6      | Found a bloodstained altar of Trog.
  6874 | D:6      | Found a shimmering blue altar of Sif Muna.
  7060 | D:6      | Found a shattered altar of Ashenzari.
  7060 | D:6      | Found a burning altar of Makhleb.
  7064 | D:6      | Became a worshipper of Makhleb the Destroyer
  7110 | D:7      | Found a staircase to the Ecumenical Temple.
  7417 | D:7      | You fall into a shaft and drop 3 floors!
  7417 | D:10     | Entered Level 10 of the Dungeon
  7482 | D:10     | Noticed a two-headed ogre
  7560 | D:9      | Reached * piety under Makhleb
  7628 | D:9      | Reached XP level 9. HP: 52/64 MP: 17/17
  7636 | D:9      | Reached skill level 9 in Unarmed Combat
  7678 | D:9      | Learned a level 4 spell: Ice Form
  7684 | D:9      | Learned a level 5 spell: Blade Hands
  7698 | D:9      | Found a snail-covered altar of Cheibriados.
  7703 | D:9      | Found a transporter.
  7706 | D:9      | Noticed zkyp's ghost (novice DsAM)
  7710 | D:9      | Noticed a yaktaur captain
  7727 | D:9      | Found a flagged portal.
  7743 | Bailey   | Entered a bailey
  8069 | Bailey   | Noticed an orc high priest
  8070 | Bailey   | Noticed a kobold demonologist
  8092 | Bailey   | Killed a kobold demonologist
  8114 | Bailey   | Noticed a soul eater
  8120 | Bailey   | Noticed an orange demon
  8122 | Bailey   | Killed an orc high priest
  8122 | Bailey   | Reached skill level 10 in Unarmed Combat
  8175 | Bailey   | Gained mutation: You have a pair of small antennae on your
                  | head. [potion of mutation]
  8175 | Bailey   | Gained mutation: You possess an exceptional clarity of
                  | mind. [potion of mutation]
  8405 | Bailey   | Reached ** piety under Makhleb
  8828 | Bailey   | Found an iron altar of Okawaru.
  8864 | Bailey   | Noticed an orc knight
  8877 | Bailey   | Killed an orc knight
  8877 | Bailey   | Reached XP level 10. HP: 71/71 MP: 20/20
  9471 | D:9      | Reached skill level 11 in Unarmed Combat
  9494 | D:9      | HP: 1/71 [poisoned by a killer bee]
  9501 | D:9      | HP: 2/71 [killer bee (5)]
  9509 | D:9      | HP: 2/71 [killer bee (8)]
  9510 | D:9      | Succumbed to a killer bee's poison

Levels and vault maps discovered:
D:1:      dpeg_arrival_rooms_b, layout_basic
D:2:      layout_basic, nicolae_ru_awakened_eye
D:3:      layout_loops_cross, nemelex_xobeh_ov_fountains_minmay,
          grunt_gozag_breadcrumbs, xom_butterflies, uniq_natasha
D:4:      layout_basic, nicolae_overflow_crystal_walls, first_ration
D:5:      layout_loops_ring, lemuel_doored_altar, led_sif_pool
D:6:      layout_cave_pools, gammafunk_temple_overflow_wave, zin_scriptorium,
          kennysheep_vampire_church, kennysheep_mini, basic_altar
D:7:      layout_basic, temple_pool_b, serial_curves, eino_curves_02,
          eino_curves_03, makhleb_heckhound_becter
D:9:      layout_layer_cave, slow_altar_1, david_orc_2, gammafunk_ghost_arena,
          special_room [special_room_bee], enter_bailey_2, glass_columns_a,
          minmay_radiant, uniq_maggie
D:10:     layout_roguey, wad_floor_pattern_2, uniq_erica

Skill      XL: |  1  2  3  4  5  6  7  8  9 10 |
---------------+-------------------------------+-----
Unarmed Combat | 4 5 6 7 8 10 11 | 11.2
Transmutations | 3 4 5 6 7 |  7.9
Spellcasting   | 3 4 5 7 |  7.3
Fighting       | |  1.1
Dodging        | |  1.7

Action                   |  1- 3 |  4- 6 |  7- 9 | 10-12 || total
-------------------------+-------+-------+-------+-------++-------
Melee: Unarmed           |   115 |   127 |   307 |    51 ||   600
       Kick              |     7 |       |       |       ||     7
       Tailslap          |    11 |     4 |     4 |       ||    19
       Headbutt          |     4 |     2 |       |       ||     6
       Punch             |     2 |     1 |     1 |     1 ||     5
 Cast: Beastly Appendage |    20 |     1 |       |       ||    21
       Sticks to Snakes  |     1 |       |       |       ||     1
       Spider Form       |     3 |    17 |    35 |     4 ||    59
       Ice Form          |       |       |     2 |       ||     2
 Abil: Breathe Lightning |       |       |     5 |       ||     5
Evoke: Wand              |       |       |     9 |     4 ||    13
  Use: Scroll            |     5 |     8 |     9 |     1 ||    23
       Potion            |       |     1 |    10 |     5 ||    16
 Stab: Sleeping          |     2 |       |     1 |       ||     3
  Eat: Chunk             |     5 |    10 |    14 |     2 ||    31
       Ration            |       |       |     1 |       ||     1
Armor: Skin              |    37 |    11 |    38 |     8 ||    94
Dodge: Dodged            |    53 |   104 |   247 |    84 ||   488

Table legend:
 A = Non-vault XP
 B = Vault XP
 C = Vault XP percentage of total XP
 D = Non-vault monster count
 E = Vault monster count
 F = Vault count percentage of total count
                 A         B        C        D         E       F
            +---------+---------+-------+---------+---------+-------
      Total |    2828 |    4467 |  61.2 |     131 |      63 |  32.5
            +---------+---------+-------+---------+---------+-------
        D:1 |      38 |       0 |   0.0 |      20 |       0 |   0.0
        D:2 |      36 |       0 |   0.0 |       9 |       0 |   0.0
        D:3 |     217 |      35 |  13.9 |      25 |       1 |   3.8
        D:4 |     539 |       0 |   0.0 |      17 |       0 |   0.0
        D:5 |     546 |       0 |   0.0 |      18 |       0 |   0.0
        D:6 |     571 |     127 |  18.2 |      12 |       8 |  40.0
        D:7 |     295 |       0 |   0.0 |       9 |       0 |   0.0
        D:9 |     543 |    1095 |  66.8 |      20 |      14 |  41.2
       D:10 |      43 |       0 |   0.0 |       1 |       0 |   0.0
     Bailey |       0 |    3210 | 100.0 |       0 |      40 | 100.0
            +---------+---------+-------+---------+---------+-------
